 Dungeon Crawl Stone Soup version 0.28-a0-1206-g193881aaa2 (webtiles) character file.

Game seed: 6406126055529074415

1794 Zonian the Skirmisher (level 8, -3/64 HPs)
             Began as a Demonspawn Gladiator on Dec 21, 2021.
             Was a Priest of Lugonu.
             Slain by a wraith (8 damage)
             ... on level 5 of the Dungeon.
             The game lasted 00:12:37 (8361 turns).

Zonian the Skirmisher (Demonspawn Gladiator)        Turns: 8361, Time: 00:12:37

Health: -3/64      AC:  5    Str: 14    XL:     8   Next: 82%
Magic:  8/8        EV: 15    Int:  9    God:    Lugonu [***...]
Gold:   77         SH:  0    Dex: 18    Spells: 5/7 levels left

rFire   . . .      SeeInvis .   a - +0 rapier
rCold   . . .      Faith    +   (no shield)
rNeg    . . .      Spirit   .   b - +0 leather armour
rPois   .          Reflect  .   c - +1 helmet
rElec   .          Harm     .   r - scarf {repulsion}
rCorr   .          Rampage  .   (no gloves)
Will    .....                   (no boots)
Stlth   +.........              g - amulet of faith
HPRegen 0.20/turn               (no ring)
MPRegen 0.11/turn               (no ring)

@: slowed, studying Slings, repel missiles, very slow
A: hooves 1, powered by death 2, demonic touch 2
a: Renounce Religion, Depart the Abyss, Bend Space, Banish


You were on level 5 of the Dungeon.
You worshipped Lugonu.
Lugonu was most pleased with you.
You visited 1 branch of the dungeon, and saw 5 of its levels.

You collected 259 gold pieces.
You spent 182 gold pieces at shops.

Inventory:

Hand Weapons
 a - a +0 rapier (weapon)
 d - a +1 halberd of venom
 m - the +7 glaive of Crusades {vorpal, rElec rC+ Will+}
   (You found it on level 5 of the Dungeon)

   It inflicts extra damage upon your enemies.
   rC:        It protects you from cold.
   rElec:     It insulates you from electricity.
   Will:      It increases your willpower.
Missiles
 p - a throwing net (quivered)
 q - 19 sling bullets
Armour
 b - a +0 leather armour (worn)
 c - a +1 helmet (worn)
 r - a scarf of repulsion (worn)
Jewellery
 g - an amulet of faith (around neck)
Wands
 k - a wand of iceblast (5)
Scrolls
 f - a scroll of amnesia {unknown}
 j - 2 scrolls of enchant armour
Potions
 e - a potion of ambrosia
 h - 4 potions of curing
 i - 2 potions of brilliance
 l - a potion of berserk rage
 n - 3 potions of heal wounds
 o - a potion of lignification {unknown}
 s - a potion of resistance {unknown}


   Skills:
 + Level 6.0 Fighting
 - Level 5.9 Short Blades
 * Level 0.0 Polearms
 - Level 5.4 Throwing
 + Level 5.8 Dodging
 + Level 0.0 Invocations


You had 5 spell levels left.
You knew the following spells:

 Your Spells              Type           Power      Damage    Failure   Level
a - Static Discharge      Conj/Air       0%         N/A       61%         2

Your spell library contained the following spells:

 Spells                   Type           Power      Damage    Failure   Level
 Corpse Rot               Necr/Air       0%         N/A       61%         2
 Poisonous Vapours        Pois/Air       0%         N/A       61%         2
 Conjure Flame            Conj/Fire      0%         6-21      83%         3
 Ignite Poison            Fire/Tmut/Pois 0%         N/A       83%         3
 Sticky Flame             Conj/Fire      0%         2d3       99%         4
 Lightning Bolt           Conj/Air       0%         1d11      100%        5
 Maxwell's Capacitive Co  Air            0%         ∞         100%        8


Dungeon Overview and Level Annotations

Branches:
Dungeon (5/15)             Temple (0/1) D:5

Altars:
Fedhas
Nemelex Xobeh
Okawaru
The Shining One
Lugonu

Shops:
D:5 !

Annotations:
D:5 Grinder


Innate Abilities, Weirdness & Mutations

You have large cloven feet.
You regenerate health from kills.
Your touch may inflict irresistible damage on your foes.


Message History

The wraith is heavily damaged.
The wraith hits you but does no damage.
You closely miss the wraith. Your kick misses the wraith.
The wraith is heavily damaged.
The wraith hits you. The wraith drains your vigour!
You feel yourself slow down. The wraith hits you.
You hit the wraith. You kick the wraith, but do no damage.
The wraith is severely damaged.
The wraith misses you.
The wraith hits you but does no damage. x2
Unknown command.
You barely miss the wraith. You kick the wraith.
The wraith is severely damaged.
The wraith hits you! The wraith drains your vigour!
You feel as though you will be slow longer.
The wraith hits you. The wraith drains your vigour!
You feel as though you will be slow longer.
Unknown command.
Your leather armour prevents you from hitting the wraith.
You kick the wraith.
The wraith is almost destroyed.
The wraith hits you but does no damage. The wraith hits you. x2
* * * LOW HITPOINT WARNING * * *
Unknown command.
You hit the wraith but do no damage. You kick the wraith, but do no damage.
The wraith is almost destroyed.
The wraith completely misses you. The wraith hits you!
* * * LOW HITPOINT WARNING * * *
The wraith drains your vigour!
You feel as though you will be slow longer.
Unknown command.
a - a +0 rapier (weapon)
The wraith closely misses you.
You hit the wraith but do no damage.
The wraith is almost destroyed.
The wraith hits you.
* * * LOW HITPOINT WARNING * * *
You closely miss the wraith. Your kick misses the wraith.
The wraith is almost destroyed.
The wraith hits you!
You die...

......##.#
......#..
.$....#..
........
.....#
#...#
#.W## #.@#
##.## ####
#..###....
##........
#........
#........
#........
##........
#.........


You could see a wraith.

Vanquished Creatures
  A two-headed ogre (D:4)
  Sigmund (D:3)
  A sky beast (D:4)
  A black bear (D:4)
  A necrophage (D:4)
  An ogre (D:4)
  2 phantoms (D:4)
  A howler monkey (D:4)
  A jelly (D:4)
  A hound (D:4)
  2 bullfrog skeletons
  A gnoll shaman (D:5)
  Ijyb (D:3)
  Natasha (twice) (D:3)
  3 iguanas
  2 hound skeletons
  5 gnolls (D:5)
  A howler monkey skeleton (D:4)
  5 adders
  A white imp (D:5)
  2 worms (D:2)
  3 dart slugs
  2 orcs (D:3)
  5 ball pythons
  4 endoplasms
  2 giant cockroaches
  6 goblins
  10 hobgoblins
  13 jackals
  4 quokkas
  A bat (D:1)
  3 frilled lizards
  5 kobolds
  4 rats
98 creatures vanquished.

Vanquished Creatures (others)
  3 fungi (D:3)
3 creatures vanquished.

Grand Total: 101 creatures vanquished

Notes
Turn   | Place    | Note
-------+----------+-------------------------------------------
     0 | D:1      | Zonian the Demonspawn Gladiator began the quest for the
                  | Orb.
     0 | D:1      | Reached XP level 1. HP: 16/16 MP: 1/1
   146 | D:1      | Found a faded altar of an unknown god.
   158 | D:1      | Gained mutation: You regenerate a little health from kills.
                  | [demonic ancestry]
   158 | D:1      | Reached XP level 2. HP: 21/22 MP: 2/2
   429 | D:1      | Prayed at the altar of an unknown god.
   429 | D:1      | Became a worshipper of Lugonu the Unformed
   429 | D:1      | Reached * piety under Lugonu
   429 | D:1      | Reached ** piety under Lugonu
  1345 | D:2      | Discovered your monstrous ancestry.
  1345 | D:2      | Gained mutation: You have large cloven feet. [demonic
                  | ancestry]
  1345 | D:2      | Reached XP level 3. HP: 16/28 MP: 3/3
  2066 | D:2      | Learned a level 2 spell: Static Discharge
  2199 | D:2      | Found a sparkling altar of Nemelex Xobeh.
  2470 | D:3      | Noticed Sigmund
  2518 | D:2      | Reached XP level 4. HP: 29/34 MP: 4/4
  2859 | D:3      | Noticed Ijyb
  3472 | D:3      | Found a blossoming altar of Fedhas.
  3476 | D:3      | Found an iron altar of Okawaru.
  4555 | D:3      | Killed Sigmund
  4556 | D:3      | Reached skill level 3 in Fighting
  4556 | D:3      | Gained mutation: Your touch may inflict minor irresistible
                  | damage on your foes. [demonic ancestry]
  4556 | D:3      | Reached XP level 5. HP: 41/41 MP: 5/5
  4576 | D:3      | Killed Ijyb
  4577 | D:3      | Gained mutation: You regenerate health from kills. [demonic
                  | ancestry]
  4577 | D:3      | Reached XP level 6. HP: 47/47 MP: 6/6
  4629 | D:3      | Noticed Natasha
  4635 | D:3      | Killed Natasha
  4898 | D:3      | Noticed Natasha
  4905 | D:3      | Killed Natasha
  5029 | D:4      | Reached skill level 4 in Fighting
  5065 | D:4      | Reached XP level 7. HP: 48/54 MP: 7/7
  5699 | D:4      | Reached *** piety under Lugonu
  6021 | D:4      | Noticed a two-headed ogre
  6330 | D:4      | Reached skill level 5 in Short Blades
  6330 | D:4      | Gained mutation: Your touch may inflict irresistible damage
                  | on your foes. [demonic ancestry]
  6330 | D:4      | Reached XP level 8. HP: 54/61 MP: 8/8
  6544 | D:4      | Reached skill level 5 in Fighting
  6544 | D:4      | Reached skill level 5 in Dodging
  7027 | D:5      | Entered Level 5 of the Dungeon
  7573 | D:5      | Found a staircase to the Ecumenical Temple.
  7594 | D:5      | Identified the +7 glaive of Crusades {vorpal, rElec rC+
                  | Will+}
  7763 | D:5      | Found Alliet's Distillery.
  7787 | D:5      | Bought a potion of berserk rage for 70 gold pieces
  7787 | D:5      | Bought a potion of heal wounds for 70 gold pieces
  7787 | D:5      | Bought a potion of curing for 42 gold pieces
  7792 | D:5      | Noticed Grinder
  8040 | D:4      | Killed a two-headed ogre
  8041 | D:4      | Reached skill level 6 in Fighting
  8041 | D:4      | Reached skill level 5 in Throwing
  8361 | D:5      | Slain by a wraith

Illustrated notes

Levels and vault maps discovered:
D:1:      eino_arrival_cavern_e, layout_basic, ebering_ecumenical_altar_webs
D:2:      layout_loops_ring, basic_altar, lemuel_old_faithful
D:3:      layout_rooms, kennysheep_okawaru_gauntlet, fedhas_altar_3,
          minmay_pentomino_pile, uniq_natasha, uniq_ijyb, uniq_sigmund
D:4:      layout_basic, tso_metal_star, serial_rivers,
          chequers_serial_rivers_small_b, chequers_serial_rivers_micro_b,
          chequers_serial_rivers_micro_c, chequers_serial_rivers_small_b,
          chequers_serial_rivers_marsh, minmay_manual_mullet
D:5:      layout_cave_pods, mainiacjoe_overflow_tiny_flanked, zin_scriptorium,
          minmay_temple_entry_grid, serial_shops, kennysheep_mini_moat,
          shop_coins, shop, uniq_grinder

Skill      XL: |  1  2  3  4  5  6  7  8 |
---------------+-------------------------+-----
Throwing       | 2 3 4 5 |  5.4
Short Blades   | 3 4 5 |  5.9
Dodging        | 3 4 5 |  5.8
Fighting       | 3 4 6 |  6.0

Action                   |  1- 3 |  4- 6 |  7- 9 || total
-------------------------+-------+-------+-------++-------
Melee: Rapier            |   140 |    80 |   122 ||   342
       Kick              |     9 |    30 |    46 ||    85
       Touch             |       |    14 |    24 ||    38
       Glaive            |       |       |    12 ||    12
Throw: Throwing net      |       |     5 |     2 ||     7
Invok: Bend Space        |       |       |     1 ||     1
Evoke: Wand              |       |       |     2 ||     2
  Use: Scroll            |     2 |       |     5 ||     7
       Potion            |       |       |     1 ||     1
 Stab: Held in net/web   |       |     1 |     1 ||     2
       Distracted        |       |       |     1 ||     1
       Sleeping          |       |       |     1 ||     1
Armor: Leather armour    |    51 |    29 |    22 ||   102
Dodge: Dodged            |    98 |    57 |    79 ||   234

Table legend: (Time is in decaauts)
 A = Elapsed time spent in this place.
 B = Non-inter-level travel time spent in this place.
 C = Inter-level travel time spent in this place.
 D = Time resting spent in this place.
 E = Time spent auto-exploring this place.
 F = Levels seen in this place.
 G = Mean time per level.
                   A        B        C        D        E       F      G
               +--------+--------+--------+--------+--------+-----+--------+
         Total |   8450 |   8001 |    449 |   4460 |   2466 |   5 | 1690.0 |
       Dungeon |   8450 |   8001 |    449 |   4460 |   2466 |   5 | 1690.0 |
               +--------+--------+--------+--------+--------+-----+--------+

Top non-repeatable levels by time:
     D:2: 3170 daAuts
     D:4: 2394 daAuts
     D:1: 1351 daAuts
     D:5: 767 daAuts
     D:3: 765 daAuts
